 Dungeon Crawl Stone Soup version 0.31-a0-675-g238779eb0a (webtiles) character file.

Game seed: 13645376312205041274

348 qw the Shooter (level 6, -4/38 HPs)
             Began as a Gargoyle Hunter on Sept 5, 2023.
             Slain by a river rat (7 damage)
             ... summoned by Eustachio
             ... on level 4 of the Dungeon.
             The game lasted 00:01:02 (2475 turns).

qw the Shooter (Gargoyle Hunter)                    Turns: 2475, Time: 00:01:03

Health: -4/38      AC: 10    Str: 20    XL:     6   Next: 60%
Magic:  15/15      EV: 11    Int: 10    God:
Gold:   137        SH:  0    Dex: 20    Spells: 5/5 levels left

rFire   . . .        Y - +0 shortbow
rCold   x . .        (shield currently unavailable)
rNeg    + . .        d - +0 ring mail
rPois   inf          (no helmet)
rElec   +            (no cloak)
rCorr   .            (no gloves)
SInv    .            f - +0 pair of boots
Will    .....        (no amulet)
Stlth   +            b - ring of Conformity {rPois rC- MP+9 Str+6 Dex+5}
HPRegen 0.26/turn    (no ring)
MPRegen 0.14/turn

%: no passive effects
@: no status effects
A: sickness immunity, AC +4, negative energy resistance 1, electricity
resistance, torment resistance 1, petrification resistance
a: no special abilities


You were on level 4 of the Dungeon.
You visited 1 branch of the dungeon, and saw 4 of its levels.

You collected 137 gold pieces.


Innate Abilities, Weirdness & Mutations

You are immune to sickness and miasma.
Your stone body is resilient. (AC +4)
You are immune to poison.
You resist negative energy. (rN+)
You are resistant to electric shocks. (rElec)
You are resistant to unholy torment.
You are immune to petrification.


   Skills:
 - Level 4.2 Fighting
 - Level 6.8 Ranged Weapons
 - Level 1.0 Armour
 + Level 1.5 Dodging
 - Level 1.1 Stealth


You had 5 spell levels left.
You didn't know any spells.
Your spell library was empty.

Inventory:

Hand Weapons
 Y - a +0 shortbow (weapon)
Armour
 d - a +0 ring mail (worn)
 f - a +0 pair of boots (worn)
Jewellery
 b - the ring of Conformity (left hand) {rPois rC- MP+9 Str+6 Dex+5}
   (You found it on level 3 of the Dungeon)

   [ring of strength]

   Str+6:     It affects your strength (+6).
   Dex+5:     It affects your dexterity (+5).
   rC-:       It makes you vulnerable to cold.
   rPois:     It protects you from poison MP+9: It affects your magic capacity
   (+9).
Potions
 e - 2 potions of haste

Dungeon Overview and Level Annotations

Branches:
Dungeon (4/15)
 Temple: D:4-7

Altars:
Ru
Trog
Xom

Annotations:
D:3 3 runed translucent doors, qw's ghost, amateur MiHs
D:4 Eustachio


Message History

The arrow hits the scorpion but does no damage.
The scorpion is heavily wounded.
The bat hits you but does no damage. The scorpion stings you.
The river rat barely misses you. The river rat closely misses you.
The bat hits you but does no damage.
You shoot an arrow. The arrow hits the scorpion!
You kill the scorpion!
The bat hits you but does no damage. x2; The river rat barely misses you.
The river rat bites you but does no damage.
The orc barely misses you.
Your Fighting skill increases to level 4!
You shoot an arrow. The arrow hits the river rat.
The river rat is lightly wounded.
The bat hits you but does no damage.
The river rat bites you but does no damage.
The river rat barely misses you. The orc closely misses you.
The river rat bites you.
You shoot an arrow. The arrow hits the river rat.
The river rat is lightly wounded.
The bat hits you.
Eustachio growls, "To hell with you, honourless miscreant!"
The river rat bites you. The orc closely misses you.
The river rat barely misses you.
Eustachio utters an oath, "I will die for my friends!"
The river rat closely misses you.
You shoot an arrow. The arrow barely misses the river rat.
The orc closely misses you. The river rat completely misses you.
Something hits you but does no damage.
The river rat bites you but does no damage.
You shoot an arrow. The arrow closely misses the river rat.
The arrow hits the bat.
You kill the bat!
The bat's corpse disappears in a puff of smoke!
The orc closely misses you.
The river rat bites you but does no damage.
Eustachio casts a spell.
Eustachio blinks!
Something hits you. The river rat bites you.
You shoot an arrow. The arrow barely misses the river rat.
The orc hits you with a +0 flail. The river rat bites you!
You die...

#......... #...... ####
#...## ##..####.@..## .
##.........>..## ...
#..............##.....
##.........r##>...)....
#.<.....¤.ro###........
#)........r@# ##$......
#.......¤.{## #..#...
#.........## ..# ..
#..........# .## .
#........... #
##.....##.. #...####.


You could see Eustachio, 3 river rats and an orc.

Vanquished Creatures
  Sigmund (D:3)
  A scorpion (D:4)
  4 adders
  2 worms
  6 orcs
  7 bats
  3 endoplasms
  2 giant cockroaches (D:1)
  12 goblins
  8 hobgoblins
  2 jackals (D:3)
  4 quokkas
  7 ball pythons
  3 frilled lizards (D:1)
  6 kobolds
  5 rats
73 creatures vanquished.

Notes
Turn   | Place    | Note
-------+----------+-------------------------------------------
     0 | D:1      | qw the Gargoyle Hunter began the quest for the Orb.
     0 | D:1      | Reached XP level 1. HP: 12/12 MP: 1/1
     0 | D:1      | 0 ||| qw: Version: 0.3-a-75-g829b12e
     0 | D:1      | 0 ||| qw: Game counter: 88
     0 | D:1      | 0 ||| qw: Melee chars always use a shield: true
     0 | D:1      | 0 ||| qw: God list: Okawaru
     0 | D:1      | 0 ||| qw: Allow faded altars: false
     0 | D:1      | 0 ||| qw: Do Orc after clearing Dungeon:15 true
     0 | D:1      | 0 ||| qw: Do second Lair branch before Depths: true
     0 | D:1      | 0 ||| qw: Lair rune preference: random
     0 | D:1      | 0 ||| qw: Goals: Normal
     0 | D:1      | 0 ||| PLANNING D:1-11
   176 | D:1      | Reached XP level 2. HP: 17/17 MP: 2/2
   274 | D:1      | You fall into a shaft and drop 1 floor!
   385 | D:2      | Reached XP level 3. HP: 21/21 MP: 3/3
   438 | D:2      | 438 ||| UPGRADING to +0 pair of boots.
   443 | D:2      | 443 ||| READING scroll labelled SIQAOK ZINAU.
   459 | D:2      | 459 ||| DRINKING 2 dark potions.
   460 | D:2      | 460 ||| DROPPING scroll of butterflies.
   503 | D:1      | Reached skill level 5 in Ranged Weapons
   762 | D:1      | 762 ||| READING scroll labelled OLAONN BUKA.
   763 | D:1      | 763 ||| READING scroll labelled IGORUM LUEZARA.
  1002 | D:2      | Reached skill level 3 in Fighting
  1012 | D:2      | Reached XP level 4. HP: 27/28 MP: 4/4
  1186 | D:2      | 1186 ||| READING scroll labelled POXONI ZOITEU.
  1213 | D:3      | Noticed Sigmund
  1216 | D:3      | Found a sacrificial altar of Ru.
  1238 | D:3      | Killed Sigmund
  1239 | D:3      | Reached skill level 6 in Ranged Weapons
  1239 | D:3      | Reached XP level 5. HP: 12/32 MP: 5/5
  1239 | D:3      | Reached XP level 6. HP: 13/37 MP: 6/6
  1337 | D:3      | Identified the ring of Conformity {rPois rC- MP+9 Str+6
                  | Dex+5}
  1477 | D:3      | Reached skill level 1 in Armour
  1709 | D:3      | Found a shimmering altar of Xom.
  1725 | D:3      | Found a shimmering altar of Xom.
  1725 | D:3      | Found a shimmering altar of Xom.
  1726 | D:3      | Found a shimmering altar of Xom.
  1727 | D:3      | Found a shimmering altar of Xom.
  1846 | D:3      | Found a runed translucent gate.
  1846 | D:3      | Found a runed translucent gate.
  1846 | D:3      | Found a runed translucent gate.
  1847 | D:3      | Noticed qw's ghost (amateur MiHs)
  2027 | D:3      | Found a bloodstained altar of Trog.
  2044 | D:3      | 2044 ||| FLEEEEING.
  2277 | D:3      | 2277 ||| UPGRADING to +0 ring mail.
  2287 | D:3      | 2287 ||| DROPPING +0 leather armour.
  2288 | D:3      | 2288 ||| UPGRADING to ring of Conformity {rPois rC- MP+9
                  | Str+6 Dex+5}.
  2353 | D:3      | 2353 ||| READING scroll labelled POAH IMAC DODE.
  2421 | D:4      | 2421 ||| STAIRDANCE
  2457 | D:4      | Noticed Eustachio
  2459 | D:4      | 2459 ||| Stepping ~*~*~tactically~*~*~ (retreating).
  2460 | D:4      | 2460 ||| Stepping ~*~*~tactically~*~*~ (retreating).
  2461 | D:4      | 2461 ||| Stepping ~*~*~tactically~*~*~ (retreating).
  2462 | D:4      | 2462 ||| Stepping ~*~*~tactically~*~*~ (retreating).
  2463 | D:4      | 2463 ||| Stepping ~*~*~tactically~*~*~ (retreating).
  2464 | D:4      | 2464 ||| Stepping ~*~*~tactically~*~*~ (retreating).
  2474 | D:4      | HP: 9/38 [something (3)]
  2475 | D:4      | HP: 3/38 [orc/+0 flail (2)]
  2475 | D:4      | Slain by a river rat

Levels and vault maps discovered:
D:1:      elethiomel_arrival_maze, layout_rooms
D:2:      layout_loops_cross
D:3:      layout_basic, hangedman_ru_absence, trog_hazing_becter,
          xom_redecorated, gammafunk_ghost_necromancy, uniq_sigmund
D:4:      layout_cave_pods, fedhas_altar_4, minmay_fractal_squares_gapless_5,
          uniq_duvessa, uniq_eustachio, uniq_blork_the_orc

Skill      XL: |  1  2  3  4  5  6 |
---------------+-------------------+-----
Ranged Weapons | 5 6 |  6.8
Fighting       | 3 4 |  4.2
Armour         | 1 |  1.0
Dodging        | |  1.5
Stealth        | |  1.1

Action                     |  1- 3 |  4- 6 || total
---------------------------+-------+-------++-------
   Fire: Shortbow          |   131 |   116 ||   247
    Use: Scroll            |     3 |     2 ||     5
         Potion            |     1 |       ||     1
 Armour: Leather armour    |    31 |    29 ||    60
         Ring mail         |       |    31 ||    31
  Dodge: Dodged            |    38 |    53 ||    91

Table legend:
 A = Non-vault XP
 B = Vault XP
 C = Vault XP percentage of total XP
 D = Non-vault monster count
 E = Vault monster count
 F = Vault count percentage of total count
                 A         B        C        D         E       F
            +---------+---------+-------+---------+---------+-------
      Total |     248 |     250 |  50.2 |      66 |       7 |   9.6
            +---------+---------+-------+---------+---------+-------
        D:1 |      42 |       0 |   0.0 |      28 |       0 |   0.0
        D:2 |      44 |       0 |   0.0 |      17 |       0 |   0.0
        D:3 |      74 |     250 |  77.2 |      18 |       7 |  28.0
        D:4 |      88 |       0 |   0.0 |       3 |       0 |   0.0
            +---------+---------+-------+---------+---------+-------
